 Dungeon Crawl Stone Soup version 0.28.0-45-g0d030f2227 (webtiles) character file.

Game seed: 7505189862408904599

56 NinjaNoafa the Ruffian (level 3, -2/29 HPs)
             Began as a Draconian Transmuter on Apr 12, 2022.
             Slain by a worm (6 damage)
             ... on level 3 of the Dungeon.
             The game lasted 00:04:20 (2541 turns).

NinjaNoafa the Ruffian (Draconian Transmuter)       Turns: 2541, Time: 00:04:21

Health: -2/29      AC:  5    Str: 12    XL:     3   Next: 71%
Magic:  0/6        EV: 12    Int: 15    God:
Gold:   95         SH:  0    Dex: 11    Spells: 5/6 levels left

rFire   . . .      SeeInvis .     - Unarmed
rCold   . . .      Faith    .   (no shield)
rNeg    . . .      Spirit   +   (armour unavailable)
rPois   .          Reflect  .   (helmet currently unavailable)
rElec   .          Harm     .   (no cloak)
rCorr   .          Rampage  .   (no gloves)
Will    .....                   (boots currently unavailable)
Stlth   +.........              h - amulet of guardian spirit
HPRegen 0.09/turn               (no ring)
MPRegen 0.10/turn               (no ring)

@: appendages (expiring), flying
A: horns 2, talons 2, AC +5, unfitting armour, cold-blooded
a: End Transformation


You were on level 3 of the Dungeon.
You had temporarily grown beastly horns and talons.
You visited 1 branch of the dungeon, and saw 3 of its levels.

You collected 95 gold pieces.

Inventory:

Jewellery
 h - an amulet of guardian spirit (around neck)
Scrolls
 b - 2 scrolls of acquirement
 c - a scroll of torment {unknown}
 e - a scroll of identify
 f - a scroll of noise {unknown}
 g - 2 scrolls of vulnerability
Potions
 d - a potion of magic {unknown}


   Skills:
 + Level 2.0 Fighting
 + Level 2.2 Dodging
 + Level 3.3 Unarmed Combat
 + Level 2.4 Spellcasting
 + Level 2.4 Transmutations
 + Level 0.5 Poison Magic


You had 5 spell levels left.
You knew the following spells:

 Your Spells              Type           Power      Damage    Failure   Level
a - Beastly Appendage     Tmut           18%        N/A       8%          1

Your spell library contained the following spells:

 Spells                   Type           Power      Damage    Failure   Level
 Sting                    Tmut/Pois      24%        1d4       12%         1
 Wereblood                Tmut           9%         N/A       12%         2
 Poisonous Vapours        Pois/Air       4%         N/A       28%         2
 Spider Form              Tmut/Pois      6%         N/A       34%         3
 Gell's Gravitas          Tloc           1%         N/A       54%         3
 Lesser Beckoning         Tloc           1%         N/A       54%         3
 Teleport Other           Tloc           1%         N/A       54%         3
 Ice Form                 Ice/Tmut       5%         N/A       77%         4
 Olgreb's Toxic Radiance  Pois           3%         N/A       86%         4


Dungeon Overview and Level Annotations

Branches:
Dungeon (3/15)

Altars:

Annotations:
D:3 Jessica


Innate Abilities, Weirdness & Mutations

You have temporarily grown beastly horns and talons.
Your plain brown scales are hard. (AC +5)
You cannot fit into any form of body armour.
You are cold-blooded and may be slowed by cold attacks.


Message History

You barely miss the ball python. Your kick misses the ball python.
You tail-slap the ball python.
You kill the ball python!
Your transformation is almost over.
HP restored.
Your horns disappear.
Your talons disappear.
A worm comes into view.
A worm is nearby!
Jessica the Apprentice Sorceress comes into view.
She is wielding a +0 club.
Jessica shouts!
Casting: Beastly Appendage (safe; 8% risk of failure)
Confirm with . or Enter, or press ? or * to list all spells.
You grow a pair of large bovine horns.
Your feet morph into talons.
Jessica casts a spell at you. Pain shoots through your body!
The worm barely misses you.
You hit the worm. You claw the worm. You headbutt the worm!
The worm is severely wounded.
Jessica points at you and mumbles some strange words.
Pain shoots through your body! The worm bites you but does no damage.
You hit the worm. Your kick misses the worm. You tail-slap the worm.
The worm is almost dead.
Okay, then.
This is a scroll of acquirement!
You see here a book of Geomancy.
Something appears at your feet!
Your transformation is almost over.
Jessica casts a spell.
Jessica seems to speed up.
The worm bites you.
* * * LOW HITPOINT WARNING * * *
As you read the scroll labelled KAINWAOLORPH, it crumbles to dust.
It is a scroll of identify.
g - 2 scrolls of vulnerability Jessica misses you.
Okay, then.
It was a potion of flight.
You feel very buoyant.
You fly up into the air.
Jessica hits you with a +0 club.
* * * LOW HITPOINT WARNING * * *
The worm bites you!
You die...

#.#.# #.#.#
#.#.# ###.#.#
#####.....##.#
.............#
####.#.####.....
##..@.####.....
#...@........##
#...w....#.# #
#.#.####.# #...
.# .... . ####.
# #. #.


You could see a worm and Jessica (fast).

Vanquished Creatures
  A worm (D:3)
  6 endoplasms
  A giant cockroach (D:2)
  7 goblins
  3 hobgoblins (D:1)
  3 jackals (D:1)
  6 quokkas
  4 ball pythons
  2 bats
  3 frilled lizards
  3 kobolds
  9 rats
48 creatures vanquished.

Notes
Turn   | Place    | Note
-------+----------+-------------------------------------------
     0 | D:1      | NinjaNoafa the Draconian Transmuter began the quest for the
                  | Orb.
     0 | D:1      | Reached XP level 1. HP: 16/16 MP: 3/3
    66 | D:1      | Found a faded altar of an unknown god.
   211 | D:1      | Reached XP level 2. HP: 19/23 MP: 3/5
  1105 | D:1      | Reached XP level 3. HP: 29/29 MP: 4/6
  2532 | D:3      | Noticed Jessica
  2539 | D:3      | Identified 3 scrolls of acquirement
  2539 | D:3      | Acquired a book of Geomancy
  2541 | D:3      | Slain by a worm

Illustrated notes

Levels and vault maps discovered:
D:1:      evilmike_arrival_crescent, layout_loops_corners,
          dreamdust_ecumenical_altar_angels_and_demons, grunt_decor_arrowhead
D:2:      layout_basic, minmay_rat_gold_closets
D:3:      layout_loops_ring, grunt_ministairs_10, st_stairs_2,
          lemuel_old_faithful, uniq_ijyb, uniq_jessica, uniq_grinder

Skill      XL: |  1  2  3 |
---------------+----------+-----
Dodging        | 2 |  2.2
Fighting       | 2 |  2.0
Unarmed Combat | |  3.3
Spellcasting   | |  2.4
Transmutations | |  2.4
Poison Magic   | |  0.5

Action                   || total
-------------------------++-------
Melee: Unarmed           ||   135
       Tailslap          ||    25
       Kick              ||    17
       Headbutt          ||    12
       Punch             ||     1
 Cast: Beastly Appendage ||    23
  Use: Scroll            ||     2
       Potion            ||     1
 Stab: Sleeping          ||     3
Armor: Skin              ||    36
Dodge: Dodged            ||    72
